 Dungeon Crawl Stone Soup version 0.27-a0-679-g77a6b55cf3 (webtiles) character file.

Game seed: 8656859324176998238

1451 lauthentik the Cleaver (level 8, -4/68 (70) HPs)
             Began as a Hill Orc Monk on Mar 18, 2021.
             Was a Priest of Trog.
             Slain by an orc warrior
             ... wielding a +0 scimitar
              (10 damage)
             ... on level 7 of the Dungeon.
             The game lasted 00:25:53 (7222 turns).

lauthentik the Cleaver (Hill Orc Monk)              Turns: 7222, Time: 00:25:54

HP:   -4/68 (70)    AC: 16    Str: 15    XL:     8   Next: 75%
MP:   8/8           EV: 10    Int: 11    God:    Trog [***...]
Gold: 263           SH:  0    Dex: 13    Spells: 7/7 levels left

rFire    . . .     SeeInvis .   a - +0 hand axe
rCold    . . .     Faith    .   (no shield)
rNeg     . . .     Spirit   .   j - +0 scale mail
rPois    .         Reflect  .   k - +0 helmet
rElec    .         Harm     .   f - +0 cloak
rCorr    .         Rampage  .   d - +2 pair of gloves
Will     .....                  (no boots)
Stlth    +.........             g - amulet of magic regeneration
HPRegen  0.21/turn              l - ring of flight
MPRegen  0.36/turn              o - +4 ring of protection

@: lethally poisoned (-4 -> -5), berserk cooldown, slowed, lightly drained, very
slow
A: no striking features
a: Renounce Religion, Evoke Flight, Berserk, Trog's Hand


You were on level 7 of the Dungeon.
You worshipped Trog.
Trog was most pleased with you.
You visited 1 branch of the dungeon, and saw 7 of its levels.

You collected 263 gold pieces.

Inventory:

Hand Weapons
 a - a +0 hand axe (weapon)
Missiles
 b - 3 silver boomerangs (quivered)
 v - 12 boomerangs
Armour
 d - a +2 pair of gloves (worn)
 f - a +0 cloak (worn)
 h - a +0 chain mail
 i - a +0 plate armour
 j - a +0 scale mail (worn)
 k - a +0 helmet (worn)
Jewellery
 g - an amulet of magic regeneration (around neck)
 l - a ring of flight (right hand)
 o - a +4 ring of protection (left hand)
 r - a ring of resist corrosion
Wands
 w - a wand of polymorph (4)
Scrolls
 c - a scroll of blinking {unknown}
 m - 3 scrolls of teleportation {unknown}
 p - a scroll of summoning {unknown}
 q - 9 scrolls of identify {unknown}
 s - a scroll of magic mapping {unknown}
 x - a scroll of enchant armour {unknown}
 y - a scroll of fog {unknown}
 B - a scroll of fear {unknown}
Potions
 e - a potion of berserk rage {unknown}
 n - a potion of heal wounds {unknown}
 t - 2 potions of mutation {unknown}
 u - a potion of brilliance {unknown}
 z - a potion of resistance {unknown}
 A - a potion of haste
 C - a potion of curing


   Skills:
 + Level 6.1 Fighting
 + Level 10.1 Axes
 + Level 0.8 Throwing
 + Level 4.5 Armour
 + Level 4.1 Dodging
 + Level 2.6 Stealth
 + Level 0.3 Unarmed Combat


You had 7 spell levels left.
You didn't know any spells.
Your spell library was empty.

Dungeon Overview and Level Annotations

Branches:
Dungeon (7/15)             Temple (0/1) D:4

Altars:
Dithmenos
Nemelex Xobeh
Trog
Vehumet
Wu Jian

Annotations:
D:2 Sigmund
D:5 exclusion: statue
D:7 Harold


Message History

The orc barely misses you. The shadow imp barely misses you.
The orc warrior hits you with a +0 scimitar.
The orc closely misses you.
You closely miss the orc. You hit the shadow imp.
You hit the orc warrior but do no damage.
The shadow imp gestures at you. Pain shoots through your body!
The orc warrior barely misses you. The orc closely misses you.
The worker ant bites you.
The worker ant bites you but does no damage.
Harold pauses a moment, imagining something with a smile on his face.
The shadow imp hits you but does no damage.
The worker ant bites you.
You are poisoned.
The worker ant poisons you!
You feel sick. The shadow imp spits at you. The worker ant barely misses you.
The shadow imp hits you.
You feel sick.
The worker ant bites you but does no damage.
You hit the worker ant.
The worker ant is moderately wounded.
You feel sick.
The worker ant bites you but does no damage.
You hit the worker ant.
The worker ant is severely wounded.
The worker ant barely misses you. Harold misses you.
The orc priest calls upon Beogh to heal the orc warrior.
The orc warrior's wounds heal themselves!
The worker ant closely misses you.
You hit the worker ant.
The worker ant is severely wounded.
You feel sick. The worker ant barely misses you. Harold misses you.
You slash the worker ant!
You kill the worker ant!
Trog accepts your kill.
Harold hits you from afar with a +1 halberd of venom!
* * * LOW HITPOINT WARNING * * *
You feel sick.
The orc warrior hits you with a +0 scimitar!
You die...

#...# #...# #...#
#...###########
#.............#
#.#...(......#
###5..........<#
########.@.5o.........#
#.....@oo###$##.#######
...######## #.o#.#
##o5.# #.....###
#....... .....o...
......... .###...###
#...


You could see Harold, an orc warrior, a quasit, a shadow imp and 2 orcs.

Vanquished Creatures
  Eustachio (D:4)
  An ice beast (D:7)
  A sky beast (D:5)
  An ogre (D:6)
  A phantom (D:5)
  A bullfrog (D:6)
  A scorpion (D:6)
  4 wights (D:6)
  A howler monkey (D:5)
  2 bullfrog zombies (D:6)
  A centaur zombie (D:5)
  An orc priest (D:6)
  An iguana (D:4)
  Ijyb (D:3)
  Natasha (thrice) (D:3)
  An orc wizard (D:4)
  3 worker ants
  A howler monkey zombie (D:5)
  Robin (D:3)
  7 adders
  4 gnolls (D:3)
  2 shadow imps
  2 white imps
  2 ufetubi (D:6)
  An ooze (D:2)
  An adder zombie (D:6)
  3 adder skeletons
  A worm (D:5)
  3 dart slugs (D:1)
  2 leopard geckos
  14 orcs
  9 bats
  4 giant cockroaches
  13 goblins
  10 hobgoblins
  5 jackals
  4 kobolds
  6 quokkas
  2 frilled lizards (D:2)
  A leopard gecko skeleton (D:5)
  9 rats
132 creatures vanquished.

Vanquished Creatures (others)
  7 fungi (D:5)
7 creatures vanquished.

Grand Total: 139 creatures vanquished

Notes
Turn   | Place    | Note
-------+----------+-------------------------------------------
     0 | D:1      | lauthentik the Hill Orc Monk began the quest for the Orb.
     0 | D:1      | Reached XP level 1. HP: 19/19 MP: 1/1
   166 | D:1      | Reached XP level 2. HP: 27/27 MP: 2/2
   433 | D:1      | Reached XP level 3. HP: 30/33 MP: 3/3
   987 | D:2      | Reached skill level 5 in Axes
  1009 | D:2      | Noticed Sigmund
  1387 | D:2      | Reached XP level 4. HP: 36/40 MP: 4/4
  2115 | D:3      | Noticed Natasha
  2126 | D:3      | Killed Natasha
  2127 | D:3      | Reached skill level 1 in Armour
  2148 | D:3      | Noticed Natasha
  2158 | D:3      | Killed Natasha
  2159 | D:3      | Reached XP level 5. HP: 34/46 MP: 5/5
  2247 | D:3      | Noticed Ijyb
  2256 | D:3      | Noticed Robin
  2311 | D:3      | Killed Robin
  2517 | D:3      | Reached skill level 6 in Axes
  2889 | D:3      | Found a bloodstained altar of Trog.
  2897 | D:3      | Became a worshipper of Trog the Wrathful
  2897 | D:3      | Reached * piety under Trog
  2897 | D:3      | Reached ** piety under Trog
  3113 | D:3      | Noticed Natasha
  3128 | D:3      | Killed Natasha
  3129 | D:3      | Reached XP level 6. HP: 41/53 MP: 6/6
  3299 | D:3      | Killed Ijyb
  3760 | D:4      | Noticed Eustachio
  3800 | D:4      | Killed Eustachio
  3801 | D:4      | Reached skill level 7 in Axes
  3801 | D:4      | Reached XP level 7. HP: 17/60 MP: 7/7
  4218 | D:4      | Found a staircase to the Ecumenical Temple.
  4519 | D:5      | Entered Level 5 of the Dungeon
  4524 | D:5      | Found a shadowy altar of Dithmenos.
  4547 | D:5      | Reached skill level 5 in Fighting
  4918 | D:5      | Found a sparkling altar of Nemelex Xobeh.
  5358 | D:5      | Reached skill level 8 in Axes
  5465 | D:5      | Found a radiant altar of Vehumet.
  5501 | D:5      | Found an ornate altar of the Wu Jian Council.
  5605 | D:6      | Reached *** piety under Trog
  5606 | D:6      | Reached XP level 8. HP: 47/69 MP: 8/8
  5745 | D:6      | Reached skill level 9 in Axes
  7205 | D:7      | Reached skill level 10 in Axes
  7210 | D:7      | Noticed Harold
  7222 | D:7      | Slain by an orc warrior

Illustrated notes

Levels and vault maps discovered:
D:1:      dpeg_arrival_pond, layout_basic
D:2:      layout_basic, minmay_tall_x, uniq_sigmund
D:3:      layout_loops_ring, bloody_trog, uniq_natasha, uniq_ijyb, uniq_robin
D:4:      layout_basic, minmay_temple_entry_overgrown, uniq_eustachio
D:5:      layout_loops_cross, nemelex_xobeh_ov_fountains_minmay,
          grunt_dithmenos_smoke_and_mirrors, pdpol_wu_jian_five_deadly_venoms,
          vehumet_statue, serial_aquarium, aquarium_bridge_long_joined
          [aquarium_subvault_balcony, aquarium_subvault_window,
          aquarium_subvault_wall, aquarium_subvault_bridge,
          aquarium_subvault_wall, aquarium_subvault_bridge],
          aquarium_bridge_square [aquarium_subvault_wall,
          aquarium_subvault_bridge, aquarium_subvault_window,
          aquarium_subvault_bridge], aquarium_window_fake, aquarium_window_fake,
          aquarium_view_2a, aquarium_balcony_1b
D:6:      layout_basic, ldierk_geyser
D:7:      layout_rooms, nicolae_qazlal_style_of_elements, uniq_harold

Skill      XL: |  1  2  3  4  5  6  7  8 |
---------------+-------------------------+-----
Axes           | 5 6 7 8 10 | 10.1
Fighting       | 4 5 6 |  6.1
Armour         | 1 2 3 4 |  4.5
Stealth        | 2 |  2.6
Dodging        | 3 4 |  4.1
Throwing       | |  0.8
Unarmed Combat | |  0.3

Action                   |  1- 3 |  4- 6 |  7- 9 || total
-------------------------+-------+-------+-------++-------
Melee: Hand axe          |   115 |   267 |   351 ||   733
       Unarmed           |       |     7 |       ||     7
       Punch             |       |       |     1 ||     1
Throw: Boomerang         |       |     4 |     5 ||     9
Invok: Berserk           |       |     2 |     1 ||     3
  Use: Potion            |       |     2 |       ||     2
 Stab: Sleeping          |     2 |       |     1 ||     3
Armor: Robe              |     3 |       |       ||     3
       Leather armour    |    50 |    45 |       ||    95
       Scale mail        |       |    81 |   176 ||   257
       Skin              |       |     1 |       ||     1
Dodge: Dodged            |   121 |   176 |   158 ||   455

Table legend: (Time is in decaauts)
 A = Elapsed time spent in this place.
 B = Non-inter-level travel time spent in this place.
 C = Inter-level travel time spent in this place.
 D = Time resting spent in this place.
 E = Time spent auto-exploring this place.
 F = Levels seen in this place.
 G = Mean time per level.
                   A        B        C        D        E       F      G
               +--------+--------+--------+--------+--------+-----+--------+
         Total |   7189 |   6988 |    201 |     16 |   5500 |   7 | 1027.0 |
       Dungeon |   7189 |   6988 |    201 |     16 |   5500 |   7 | 1027.0 |
               +--------+--------+--------+--------+--------+-----+--------+

Top non-repeatable levels by time:
     D:6: 1556 daAuts
     D:3: 1333 daAuts
     D:4: 1108 daAuts
     D:2: 1096 daAuts
     D:5: 1067 daAuts
     D:1: 981 daAuts
     D:7: 45 daAuts
